 Dungeon Crawl Stone Soup version 0.29.1-15-g9cfb28693d (webtiles) character file.

Game seed: 13742303393011202246

5173792 dvd2 the Axe Maniac (level 27, 239/273 HPs)
             Began as a Minotaur Fighter on Mar 4, 2023.
             Was a High Priest of Trog.
             Escaped with the Orb
             ... and 7 runes on Mar 5, 2023!
             The game lasted 03:49:28 (74829 turns).

dvd2 the Axe Maniac (Minotaur Fighter)             Turns: 74829, Time: 03:49:29

Health: 239/273    AC: 53    Str: 47    XL:     27
Magic:  8/8        EV: 17    Int:  5    God:    Trog [*****.]
Gold:   1271       SH: 43    Dex: 22    Spells: 26/26 levels left

rFire   + . .      SeeInvis +   a - +7 war axe of Pestilence {protect, rCorr Str+4 SInv}
rCold   + . .      Faith    .   d - +18 shield of the Gong {rElec rN+ Will+ EV-5}
rNeg    + . .      Spirit   .   X - +10 crystal plate armour of Apathy {Regen+ Stlth+}
rPois   +          Reflect  +   P - +2 hat {Stlth+}
rElec   +          Harm     .   e - +1 cloak "Hodyeple" {Regen+ Dex+7}
rCorr   +          Rampage  +   t - +2 pair of gloves {infuse}
Will    +++..      Clarity  +   K - +1 pair of boots {Fly}
Stlth   ..........              u - amulet "Ixkit" {Reflect Rampage rPois MP-9 Str+9 SH+5}
HPRegen 2.15/turn               b - ring of Kovush {rC+ Dex+4}
MPRegen 0.11/turn               L - ring of protection from fire

@: flying
A: horns 2, retaliatory headbutt, clarity, low MP 2, electricity resistance
0: Orb of Zot
}: 7/15 runes: barnacled, slimy, silver, abyssal, demonic, dark, gossamer
a: Renounce Religion, Berserk, Trog's Hand, Brothers in Arms


You escaped.
You worshipped Trog.
Trog was extremely pleased with you.
You visited 12 branches of the dungeon, and saw 56 of its levels.
You visited Pandemonium 2 times, and saw 5 of its levels.
You visited the Abyss 6 times.
You also visited: Trove, Ossuary, Gauntlet and Ice Cave.

You collected 11441 gold pieces.
You spent 10170 gold pieces at shops.

Inventory:

Hand Weapons
 a - the +7 war axe of Pestilence (weapon) {protect, rCorr Str+4 SInv}
   (You found it on level 2 of the Spider Nest)

   It grants its wielder temporary protection when it strikes (+7 to AC).
   Str:       It affects your strength (+4).
   SInv:      It lets you see invisible.
   rCorr:     It protects you from acid and corrosion.
 c - a +9 broad axe of flaming
 Q - the +3 battleaxe "Zoqoptee" {vorpal, rElec rPois rC+ Int+3}
   (You found it on level 5 of the Lair of Beasts)

   It inflicts extra damage upon your enemies.
   Int:       It affects your intelligence (+3).
   rC:        It protects you from cold.
   rElec:     It insulates you from electricity.
   rPois:     It protects you from poison.
Missiles
 n - 20 javelins
 B - 6 boomerangs (quivered)
 E - 3 throwing nets
 M - 6 silver javelins
 S - 4 silver boomerangs
 T - 7 boomerangs of dispersal
Armour
 d - the +18 shield of the Gong (worn) {rElec rN+ Will+ EV-5}
   (You found it in a treasure trove)

   It is deafeningly noisy when blocking attacks.
   EV:        It affects your evasion (-5).
   rElec:     It insulates you from electricity.
   rN:        It protects you from negative energy.
   Will:      It increases your willpower.
 e - the +1 cloak "Hodyeple" (worn) {Regen+ Dex+7}
   (You found it in a Gauntlet)

   Dex:       It affects your dexterity (+7).
   Regen:     It increases your rate of health regeneration.
 i - the +0 pair of gloves "Cogaic" {Fly rPois Int+4}
   (You found it on level 2 of the Realm of Zot)

   Int:       It affects your intelligence (+4).
   rPois:     It protects you from poison.
   Fly:       It grants you flight.
 t - a +2 pair of gloves of infusion (worn)
 J - the +2 pair of boots of Forking Paths {MP+9}
   (You found it in a treasure trove)

   MP:        It affects your magic capacity (+9).
 K - a +1 pair of boots of flying (worn)
 P - a +2 hat of stealth (worn)
 X - the +10 crystal plate armour of Apathy (worn) {Regen+ Stlth+}
   (You acquired it on level 2 of the Orcish Mines)

   Regen:     It increases your rate of health regeneration.
   Stlth:     It makes you more stealthy.
Jewellery
 b - the ring of Kovush (left hand) {rC+ Dex+4}
   (You bought it in a shop on level 2 of the Depths)

   [ring of protection from cold]

   Dex:       It affects your dexterity (+4).
   rC:        It protects you from cold.
 g - the ring of the Invisible Hand {+Blink rF- rC++ Int+2 Slay+4}
   (You found it on level 5 of the Pits of Slime)

   [ring of slaying]

   Int:       It affects your intelligence (+2).
   Slay:      It affects your accuracy & damage with ranged weapons and melee
   (+4).
   rF:        It makes you vulnerable to fire.
   rC:        It greatly protects you from cold.
   +Blink:    It lets you blink.
 j - the ring of the Gloaming {rPois Dex+6}
   (You found it on level 12 of the Dungeon)

   [ring of dexterity]

   Dex:       It affects your dexterity (+6).
   rPois:     It protects you from poison.
 r - the ring of Yckeaxki {rN+ Dex+6}
   (You found it on level 2 of the Realm of Zot)

   [ring of dexterity]

   Dex:       It affects your dexterity (+6).
   rN:        It protects you from negative energy.
 u - the amulet "Ixkit" (around neck) {Reflect Rampage rPois MP-9 Str+9 SH+5}
   (You found it in an ice cave)

   [amulet of reflection]

   It reflects blocked missile attacks.
   Str:       It affects your strength (+9).
   rPois:     It protects you from poison.
   MP:        It affects your magic capacity (-9).
   SH:        It affects your SH (+5).
   Rampage:   It bestows one free step when moving towards enemies.
 v - the amulet "Poklut" {Acrobat +Inv rF+}
   (You found it in an ice cave)

   [amulet of the acrobat]

   It increases your evasion while moving and waiting.
   rF:        It protects you from fire.
   +Inv:      It lets you turn invisible.
 H - the ring of Qoonwun {Fly rCorr Str-2 Dex+5 SInv}
   (You found it on level 2 of the Realm of Zot)

   [ring of flight]

   Str:       It affects your strength (-2).
   Dex:       It affects your dexterity (+5).
   SInv:      It lets you see invisible.
   Fly:       It grants you flight.
   rCorr:     It protects you from acid and corrosion.
 L - a ring of protection from fire (right hand)
 V - the ring of Daffodils {rElec rC+ Stlth+}
   (You bought it in a shop on level 2 of the Depths)

   [ring of protection from cold]

   rC:        It protects you from cold.
   rElec:     It insulates you from electricity.
   Stlth:     It makes you more stealthy.
Wands
 l - a wand of digging (23)
 o - a wand of paralysis (68)
 p - a wand of quicksilver (42)
 y - a wand of flame (67)
 I - a wand of mindburst (19)
 U - a wand of iceblast (48)
 W - a wand of polymorph (16)
Scrolls
 m - 10 scrolls of teleportation
 q - 5 scrolls of silence
 s - 8 scrolls of fear
 A - 2 scrolls of enchant weapon
 C - 12 scrolls of fog
 D - 3 scrolls of summoning
 F - 11 scrolls of poison
 R - a scroll of brand weapon
 Y - 2 scrolls of blinking
Potions
 f - 24 potions of curing
 h - 5 potions of resistance
 w - 10 potions of heal wounds
 x - 13 potions of ambrosia
 z - 6 potions of haste
 G - 6 potions of mutation
 N - 7 potions of might
 O - 2 potions of cancellation
 Z - 4 potions of invisibility
Miscellaneous
 k - the horn of Geryon


   Skills:
 O Level 27 Fighting
 O Level 27 Axes
 + Level 14.6(22.4) Maces & Flails
 + Level 25.9 Throwing
 O Level 27 Armour
 * Level 18.1 Dodging
 + Level 5.3 Stealth
 O Level 27 Shields
 + Level 0.4 Unarmed Combat
 * Level 8.6 Evocations


You had 26 spell levels left.
You didn't know any spells.
Your spell library was empty.

Dungeon Overview and Level Annotations

Branches:
Dungeon (15/15)            Temple (0/1) D:6            Lair (5/5) D:11
 Shoals (4/4) Lair:3       Spider (4/4) Lair:2        Slime (5/5) Lair:4
    Orc (2/2) D:9             Elf (3/3) Orc:2        Vaults (5/5) D:13
  Crypt (3/3) Vaults:2       Tomb (0/3) Crypt:3      Depths (4/4) D:15
   Hell (visited)             Dis (0/7) Hell            Geh (0/7) Hell
    Coc (0/7) Hell            Tar (0/7) Hell            Zot (5/5) Depths:4
Ossuary (visited)           IceCv (visited)         Gauntlet (visited)

Altars:
Elyvilon
Hepliaklqana
Kikubaaqudgha
Makhleb
Nemelex Xobeh
Qazlal
Sif Muna
Trog
Vehumet
Zin
Jiyva

Shops:
D:8 =   D:11 (   Orc:2 (=?!   Elf:1 !   Shoals:3 *   Vaults:1 !(   Vaults:2 =
Depths:2 :=   Depths:3 *

Portals:
Hell: Depths:1 Depths:2 Depths:3 Depths:4
Abyss: Depths:3
Pandemonium: Depths:2
Ziggurat: Depths:3

Annotations:
Vaults:4 36 runed doors


Innate Abilities, Weirdness & Mutations

You have a pair of horns on your head.
You reflexively headbutt those who attack you in melee.
You possess an exceptional clarity of mind.
Your magical capacity is very low. (-20% MP)
You are resistant to electric shocks. (rElec)


Message History

You headbutt the Brimstone Fiend, but do no damage.
The Brimstone Fiend is heavily wounded.
The Brimstone Fiend calls on the powers of darkness!
Your body is wracked with pain!
* * * LOW HITPOINT WARNING * * *
You hit the Brimstone Fiend. You headbutt the Brimstone Fiend.
The Brimstone Fiend is heavily wounded.
You slice the Brimstone Fiend!!
The Brimstone Fiend is severely wounded.
You block the Brimstone Fiend's attack.
BOUMMMMG!
The Brimstone Fiend hits you but does no damage.
You block the Brimstone Fiend's attack.
PANG!
You slice the Brimstone Fiend!! You headbutt the Brimstone Fiend.
You kill the Brimstone Fiend!
Trog accepts your kill.
Unknown command.
(D) Dungeon (T) Temple (L) Lair (A) Shoals (N) Spider Nest (M) Slime Pits (O) Orcish Mines (E) Elven Halls (V) Vaults (C) Crypt (W) Tomb (U) Depths (H) Hell (I) Dis (G) Gehenna (X) Cocytus (Y) Tartarus (Z) Zot
Where to? (Enter - D:1 @ (x,y), ? - help)
The demonspawn shouts!
There is an open door here.
The meteoran shouts!
The felid hisses angrily.
The naga shouts!
Magic restored.
The demigod shouts!
The merfolk shouts!
The minotaur bellows!
The palentonga shouts!
The spriggan shouts!
The troll shouts!
The human shouts!
The formicid shouts!
The tengu shouts!
The draconian roars!
The ogre shouts!
There is an open door here.
There is a staircase leading out of the dungeon here.
You have escaped!

.......)....#.#
#..####.#.#.#.#
....†...#...#.#
#############.#
..............#
###############
#H#M#T#6#9#B#d####
###############..#
..............'.@#
###############..#
#H#i#p#n#e#Q#O####
###############
#........#
###.######.#
........##.#
###.###.##.# ....#
#.##.#


There were no monsters in sight!

Vanquished Creatures
  Gloorx Vloq (Pan)
  the Royal Jelly (Slime:5)
  7 orbs of fire
  6 dread liches
  4 pandemonium lords (Pan)
  4 ancient liches
  3 juggernauts
  7 Killer Klowns (Zot:5)
  4 curse toes (Zot:2)
  10 golden dragons
  A caustic shrike (Depths:2)
  Geryon (Hell)
  2 bone dragons
  2 Brimstone Fiends
  3 doom hounds (Crypt:3)
  5 Tzitzimimeh
  A pearl dragon (Abyss:3)
  A shard shrike zombie (Abyss:5)
  3 electric golems
  29 tentacled monstrosities
  Mlioglotl (Shoals:3)
  An Ice Fiend (Pan)
  A walking crystal tome (Depths:3)
  9 liches
  4 titans
  A shard shrike skeleton (Abyss:5)
  4 searing wretches
  3 deep elf blademasters
  9 quicksilver dragons
  27 Orb Guardians
  2 walking divine tomes (Depths:3)
  2 deep elf master archers (Elf:3)
  Grunn (Crypt:3)
  17 acid blobs
  Murray (Hell)
  3 ancient champions
  34 Executioners
  15 shadow dragons
  15 sphinxes
  9 death cobs
  A sphinx (shapeshifter) (Depths:3)
  10 tentacled starspawn
  The ghost of Rod Caur the Severer, an adept HOFi of Beogh (Spider:3)
  The ghost of Xiodwi the Severer, an adept HOFi of Beogh (Spider:3)
  Kirke (Shoals:1)
  Donald (Shoals:2)
  8 draconian monks
  3 tengu reavers
  16 storm dragons
  7 azure jellies
  8 draconian knights
  8 fire giants
  6 rockslimes
  14 vault wardens
  3 revenants
  8 ghost moths
  9 iron dragons
  3 orc warlords
  9 frost giants
  6 cacodemons
  3 ghouls (Crypt:1)
  The ghost of collin38 the Warrior, a journeyman MiBe of Trog (D:12)
  7 demonspawn warmongers
  11 deep elf sorcerers
  6 draconian stormcallers
  9 draconian scorchers
  5 deep elf elementalists (Elf:3)
  7 emperor scorpions
  3 balrugs
  6 curse skulls
  10 draconian annihilators
  3 broodmothers
  8 draconian shifters
  6 reapers
  A caustic shrike skeleton (Crypt:3)
  21 ironbound preservers
  5 spriggan defenders
  8 war gargoyles
  11 quicksilver oozes
  A demonspawn corrupter (Pan)
  9 ironbound thunderhulks
  32 very ugly things
  An angel (Pan)
  44 starcursed masses
  16 stone giants
  A juggernaut skeleton (Abyss:5)
  An ophan (Abyss:2)
  9 vampire knights
  8 deep elf annihilators
  An entropy weaver (shapeshifter) (Abyss:5)
  16 purple draconians
  8 green draconians
  2 demonspawn black suns
  6 deep elf demonologists
  13 black draconians
  12 white draconians
  10 red draconians
  A putrid mouth (Crypt:3)
  Azrael (D:13)
  2 minotaurs
  9 spark wasps
  7 entropy weavers
  A bunyip (shapeshifter) (Depths:1)
  5 lorocyprocas (Pan)
  7 yellow draconians
  8 dire elephants
  An ettin (shapeshifter) (Depths:2)
  12 ettins
  9 deep elf death magi
  3 merfolk impalers
  2 green deaths
  11 deep elf high priests
  7 blizzard demons
  4 eidola
  3 crystal guardians
  19 yaktaur captains
  A fire dragon (shapeshifter) (Vaults:5)
  6 fire dragons
  Josephine (Lair:3)
  9 great orbs of eyes
  Fannar (D:11)
  5 jiangshi
  A great orb of eyes (shapeshifter) (Abyss:5)
  18 ice dragons
  31 vault guards
  5 rakshasas
  5 hell beasts (Pan)
  A caustic shrike simulacrum (Crypt:1)
  Erolcha (Orc:1)
  2 peacekeepers
  10 ogre magi
  4 spriggan air magi
  6 hydras
  A juggernaut simulacrum (Crypt:2)
  11 ironbound frosthearts
  A stoker (Hell)
  7 boulder beetles
  2 jorogumos
  3 merfolk avatars
  13 two-headed ogres
  30 dancing weapons
  12 centaur warriors
  8 satyrs (Shoals:4)
  5 radroaches
  2 alligator snapping turtles
  3 merfolk aquamancers
  A death knight (D:14)
  2 spriggan skeletons (Pan)
  A hell hog (Abyss:2)
  15 death yaks
  23 thrashing horrors
  2 death scarabs
  7 deep troll shamans
  Urug (D:13)
  7 deep troll earth magi
  6 vampire magi
  9 hell knights
  Nergalle (D:10)
  6 spriggan berserkers
  23 deep elf knights
  An orc high priest (Orc:2)
  3 titan skeletons
  3 sun moths
  10 shadow wraiths
  A spectral death yak (Gauntlet)
  14 wretched stars
  22 sun demons
  36 soul eaters
  25 skeletal warriors
  A storm dragon skeleton (Pan)
  3 sixfirhies
  8 pharaoh ants
  10 iron trolls
  A spatial maelstrom (Abyss:3)
  8 sea snakes
  14 orb spiders
  13 deep elf archers
  2 shadow demons (Pan)
  The ghost of H0rd4k the Trooper, a novice OpAr (D:6)
  A goliath frog (shapeshifter) (D:14)
  A spriggan simulacrum (Abyss:5)
  22 flayed ghosts
  60 deep trolls
  A death drake (Abyss:2)
  15 phantasmal warriors
  A bog body (Crypt:1)
  2 steelbarb worms
  An orange crystal statue (Spider:1)
  A harpy (shapeshifter) (Abyss:5)
  A bunyip skeleton (Pan)
  An orb spider (shapeshifter) (Vaults:5)
  18 ironbound convokers
  7 lindwurms
  4 glowing orange brains
  A mana viper (shapeshifter) (Depths:3)
  2 anaconda skeletons (Pan)
  19 harpies
  30 deep elf zephyrmancers
  5 wizards
  40 deep elf pyromancers
  37 ugly things
  2 oklob plants
  7 orc knights
  A stone giant zombie (Crypt:2)
  9 orc sorcerers
  A will-o-the-wisp (Abyss:2)
  6 necromancers
  A salamander (Depths:1)
  18 fauns
  22 wolf spiders
  22 manticores
  3 cyclopes
  83 slime creatures
  6 shining eyes
  A human skeleton (Pan)
  4 worldbinders
  8 black mambas
  An elf zombie (Vaults:4)
  A goliath frog skeleton (Crypt:2)
  A manticore (shapeshifter) (Vaults:5)
  An iron dragon skeleton (Crypt:3)
  13 rust devils
  A stone giant skeleton (Pan)
  14 elephants
  9 merfolk sirens
  9 orange demons
  2 eyes of devastation
  Joseph (D:10)
  20 smoke demons
  32 moths of wrath
  7 water nymphs
  10 fire giant skeletons (Crypt:3)
  An apocalypse crab (Abyss:2)
  A titan simulacrum (Abyss:5)
  4 torpor snails
  An eye of devastation (shapeshifter) (Abyss:5)
  24 vault sentinels
  An ice statue (IceCv)
  An alligator snapping turtle skeleton (Pan)
  4 hellions (Pan)
  5 gargoyles
  4 demonic crawlers
  2 centaur skeletons
  23 cane toads
  7 rime drakes
  2 unseen horrors (shapeshifter)
  3 tengu conjurers
  2 kobold demonologists
  12 unseen horrors
  3 efreet
  42 yaktaurs
  9 freezing wraiths
  5 tormentors
  3 ice devils
  5 komodo dragons
  A yaktaur (shapeshifter) (Depths:3)
  4 hellwings
  2 guardian mummies (Crypt:3)
  2 red devils (Pan)
  A troll (shapeshifter) (D:13)
  6 ancient zymes
  3 harpy zombies
  4 wind drakes
  3 meliai (Spider:3)
  7 trolls
  7 polar bears (Lair:5)
  17 merfolk
  3 harpy skeletons
  20 tarantellas
  A hydra skeleton (Crypt:1)
  A raiju (shapeshifter) (Elf:2)
  A hornet (shapeshifter) (D:13)
  13 hornets
  9 snapping turtles
  32 raiju
  An ettin zombie (Vaults:4)
  9 dream sheep
  26 blink frogs
  A snapping turtle (shapeshifter) (Vaults:5)
  2 ettin skeletons
  5 air elementals
  7 fire dragon skeletons
  A human simulacrum (Vaults:4)
  24 jumping spiders
  19 culicivoras
  A guardian serpent skeleton (Crypt:2)
  9 shadows
  An ushabti (Crypt:3)
  18 wraiths
  39 yaks
  3 vampires
  10 ynoxinuls
  A naga simulacrum (Abyss:5)
  17 spriggans
  2 hogs (shapeshifter) (D:15)
  Eustachio (D:5)
  6 basilisks
  15 water elementals
  A wind drake zombie (Crypt:1)
  16 wyverns
  6 fire bats
  6 golden eyes (Abyss:3)
  7 fire elementals
  4 hogs (Shoals:1)
  13 chaos spawn
  A death yak simulacrum (Lair:1)
  2 steam dragons
  38 redbacks
  6 vampire mosquitoes (D:13)
  11 neqoxecs
  5 wargs
  A glowing orange brain zombie (Crypt:2)
  An acid dragon (shapeshifter) (D:15)
  An acid dragon (D:8)
  6 hell hounds
  4 floating eyes
  11 water moccasins
  Duvessa (D:7)
  3 naga skeletons
  17 orc warriors
  A sky beast (D:5)
  2 black bears
  7 great orb of eyes simulacra (IceCv)
  2 human zombies (Vaults:4)
  A dream sheep zombie (Crypt:1)
  12 ogres
  An ettin simulacrum (Abyss:5)
  4 boggarts
  A floating eye zombie (Crypt:1)
  17 wolves (Lair:5)
  40 large abominations
  A slime creature simulacrum (IceCv)
  19 centaurs
  3 phantoms
  A draconian zombie (Crypt:1)
  2 kobold brigands
  A komodo dragon zombie (Crypt:1)
  20 bullfrogs
  2 necrophages
  2 earth elementals
  A cane toad simulacrum (Lair:1)
  A scorpion (D:4)
  A salamander skeleton (Crypt:2)
  2 gnoll sergeants
  3 glowing shapeshifter simulacra (IceCv)
  A warg zombie (Crypt:1)
  3 water moccasin zombies (Ossuary)
  4 wights
  Dowan (D:7)
  3 killer bees (D:7)
  4 electric eels
  A crimson imp (Abyss:2)
  4 howler monkeys
  6 hounds
  3 quasits (D:12)
  3 jellies (Lair:4)
  15 orc priests
  A gnoll bouda (D:9)
  An iron imp (Abyss:2)
  11 hell rats
  4 iguanas
  Natasha (thrice) (D:2)
  30 orc wizards
  A boggart skeleton (Crypt:1)
  6 shapeshifter simulacra (IceCv)
  6 small abominations
  2 deep dwarf skeletons
  13 mummies
  14 gnolls
  10 adders
  2 shadow imps
  2 white imps
  7 ufetubi
  3 adder zombies (Ossuary)
  A dart slug (D:4)
  92 orcs
  10 endoplasms
  2 giant cockroaches
  10 goblins
  7 hobgoblins
  3 quokkas
  6 ball pythons
  3 bats
  An endoplasm zombie (Crypt:1)
  A frilled lizard (D:1)
  4 gnoll zombies (Ossuary)
  A goblin zombie (D:5)
  A hobgoblin skeleton (Crypt:2)
  6 hobgoblin zombies (Ossuary)
  7 kobolds
  4 kobold zombies (Ossuary)
  6 orc zombies
  3 rats
  3 fire vortices (Hell)
  2 lurking horrors
  6 starspawn tentacles
3051 creatures vanquished.

Vanquished Creatures (collateral kills)
  A titan (Vaults:1)
  An azure jelly (IceCv)
  A frost giant (Vaults:5)
  3 vault wardens
  A draconian stormcaller (Zot:5)
  A draconian shifter (Zot:2)
  A green draconian (Zot:2)
  A white draconian (Zot:2)
  A yellow draconian (Zot:5)
  A deep elf death mage (Vaults:5)
  A phantasmal warrior (Vaults:5)
  2 orc sorcerers (Orc:2)
  A yaktaur (Vaults:1)
  6 orc warriors (Orc:2)
  4 ogres
  3 orc wizards (Orc:2)
  11 orcs
40 creatures vanquished.

Vanquished Creatures (others)
  A draconian knight (Zot:3)
  A fire giant (Depths:2)
  A draconian stormcaller (Depths:4)
  A deep troll (Vaults:4)
  A deep elf zephyrmancer (Elf:1)
  A manticore (Shoals:4)
  A moth of wrath (Zot:1)
  A tengu conjurer (Depths:1)
  A ynoxinul (Depths:2)
  A human (Shoals:1)
  A chaos spawn (Depths:2)
  An orc warrior (Orc:2)
  2 orcs (Orc:2)
  A fire vortex (Pan)
  29 fungi
  5 lurking horrors
  116 plants
  18 starspawn tentacles
  48 withered plants (Crypt:3)
231 creatures vanquished.

Grand Total: 3322 creatures vanquished

Notes
Turn   | Place    | Note
-------+----------+-------------------------------------------
     0 | D:1      | dvd2 the Minotaur Fighter began the quest for the Orb.
     0 | D:1      | Reached XP level 1. HP: 19/19 MP: 0/0
     2 | D:1      | Noticed a draconian
     4 | D:1      | Noticed an ogre
     6 | D:1      | Noticed a formicid
     6 | D:1      | Noticed a tengu
     8 | D:1      | Noticed a gargoyle
     8 | D:1      | Noticed an elf
    11 | D:1      | Noticed a demonspawn
    11 | D:1      | Noticed a ghoul
    13 | D:1      | Noticed a troll
    13 | D:1      | Noticed a human
    15 | D:1      | Noticed a spriggan
    17 | D:1      | Noticed a minotaur
    17 | D:1      | Noticed a palentonga
    19 | D:1      | Noticed a merfolk
    22 | D:1      | Noticed a vine stalker
    22 | D:1      | Noticed a demigod
    24 | D:1      | Noticed a naga
    24 | D:1      | Noticed a vampire
    26 | D:1      | Noticed an octopode
    26 | D:1      | Noticed a felid
    28 | D:1      | Noticed a meteoran
    28 | D:1      | Noticed a meteoran
    30 | D:1      | Noticed a demonspawn
    30 | D:1      | Noticed a felid
   424 | D:1      | Reached XP level 2. HP: 27/27 MP: 1/1
  1217 | D:2      | Noticed Natasha
  1225 | D:2      | Killed Natasha
  1226 | D:2      | Reached XP level 3. HP: 11/33 MP: 2/2
  1440 | D:2      | Noticed Natasha
  1444 | D:2      | Killed Natasha
  1445 | D:2      | Reached XP level 4. HP: 40/40 MP: 3/3
  1460 | D:2      | Found a faded altar of an unknown god.
  1470 | D:2      | Prayed at the altar of an unknown god.
  1470 | D:2      | Became a worshipper of Trog the Wrathful
  1470 | D:2      | Reached * piety under Trog
  1617 | D:2      | Noticed Natasha
  1628 | D:2      | Killed Natasha
  2170 | D:2      | Identified the +6 mace "Joujool" {vorpal, rPois rN+ Str+2}
  2212 | D:2      | Reached XP level 5. HP: 47/47 MP: 4/4
  2780 | D:3      | Reached skill level 5 in Armour
  2780 | D:3      | Reached skill level 1 in Dodging
  3031 | D:3      | You fall into a shaft and drop 3 floors!
  3038 | D:6      | Reached ** piety under Trog
  3044 | D:6      | Found a staircase to the Ecumenical Temple.
  3050 | D:6      | Reached skill level 1 in Maces & Flails
  3050 | D:6      | Reached XP level 6. HP: 39/53 MP: 5/5
  3094 | D:6      | Noticed an orc warrior
  3103 | D:6      | Killed an orc warrior
  3104 | D:6      | Reached XP level 7. HP: 37/60 MP: 6/6
  3262 | D:5      | Entered Level 5 of the Dungeon
  3280 | D:5      | Reached skill level 5 in Fighting
  3342 | D:5      | Noticed Eustachio
  3362 | D:5      | Killed Eustachio
  3375 | D:5      | Found a sand-covered staircase.
  3379 | D:5      | Reached skill level 5 in Maces & Flails
  3586 | Ossuary  | Entered an ossuary
  3703 | Ossuary  | Reached XP level 8. HP: 60/69 MP: 7/7
  3757 | Ossuary  | Reached *** piety under Trog
  3867 | D:5      | Reached skill level 5 in Shields
  5673 | D:5      | Found a burning altar of Makhleb.
  5902 | D:6      | Reached XP level 9. HP: 45/78 MP: 8/8
  6114 | D:6      | Found a runed translucent door.
  6116 | D:6      | Noticed H0rd4k's ghost (novice OpAr)
  6292 | D:6      | Reached **** piety under Trog
  6520 | D:6      | Killed H0rd4k's ghost
  7346 | D:7      | Reached skill level 1 in Stealth
  7467 | D:7      | Noticed Duvessa
  7471 | D:7      | Noticed Dowan
  7482 | D:7      | Killed Duvessa
  7488 | D:7      | Killed Dowan
  7653 | D:7      | Reached XP level 10. HP: 79/88 MP: 9/9
  7817 | D:7      | Identified the +3 spear "Miudub" {venom, rCorr Str-4
                  | Stlth+}
  8607 | D:8      | Found Genem's Jewellery Shoppe.
  9179 | D:8      | Found a sparkling altar of Nemelex Xobeh.
  9182 | D:8      | Found a shimmering blue altar of Sif Muna.
  9182 | D:8      | Found a white marble altar of Elyvilon.
  9183 | D:8      | Found a stormy altar of Qazlal.
  9184 | D:8      | Found a radiant altar of Vehumet.
  9444 | D:9      | Reached skill level 10 in Maces & Flails
  9547 | D:9      | Reached skill level 10 in Armour
  9707 | D:9      | Found a staircase to the Orcish Mines.
 10134 | D:9      | Noticed a two-headed ogre
 10143 | D:9      | Killed a two-headed ogre
 10331 | D:10     | Entered Level 10 of the Dungeon
 10331 | D:10     | Noticed a two-headed ogre
 10343 | D:9      | Reached skill level 1 in Throwing
 10526 | D:10     | Noticed Nergalle
 10545 | D:10     | Killed Nergalle
 10941 | D:10     | Noticed Joseph
 11020 | D:8      | Bought an amulet of reflection for 420 gold pieces
 11159 | Orc:1    | Entered Level 1 of the Orcish Mines
 11159 | Orc:1    | You fall into a shaft and drop 1 floor!
 11159 | Orc:2    | Entered Level 2 of the Orcish Mines
 11202 | Orc:2    | Noticed an orc warlord
 11208 | Orc:2    | Reached XP level 11. HP: 97/97 MP: 10/10
 11208 | Orc:2    | Noticed an orc sorcerer
 11213 | Orc:2    | Killed an orc warlord
 11225 | Orc:2    | Paralysed by an orc sorcerer for 3 turns
 11226 | Orc:2    | Killed an orc sorcerer
 11227 | Orc:2    | Noticed an orc sorcerer
 11231 | Orc:2    | Noticed an orc sorcerer
 11233 | Orc:2    | Killed an orc sorcerer
 11250 | Orc:2    | Noticed an orc high priest
 11251 | Orc:2    | Killed an orc sorcerer
 11710 | Orc:2    | Noticed an orc sorcerer
 11710 | Orc:2    | Noticed an orc knight
 11919 | Orc:1    | Killed an orc knight
 12047 | Orc:2    | Killed an orc sorcerer
 12048 | Orc:2    | Reached skill level 5 in Throwing
 12052 | Orc:2    | Reached skill level 1 in Evocations
 12529 | Orc:2    | Found a staircase to the Elven Halls.
 12620 | Orc:2    | Killed an orc high priest
 12840 | Orc:2    | Noticed an orc sorcerer
 12846 | Orc:2    | Paralysed by an orc sorcerer for 3 turns
 12852 | Orc:2    | Killed an orc sorcerer
 12860 | Orc:2    | Noticed an orc sorcerer
 12865 | Orc:2    | Killed an orc sorcerer
 12941 | Orc:2    | Found a radiant altar of Vehumet.
 12941 | Orc:2    | Noticed an orc sorcerer
 12941 | Orc:2    | Noticed an ogre mage
 12944 | Orc:2    | Reached ***** piety under Trog
 12952 | Orc:2    | Killed an orc sorcerer
 12957 | Orc:2    | Killed an ogre mage
 13032 | Orc:2    | Found Ynnail's Jewellery Shoppe.
 13052 | Orc:2    | Reached XP level 12. HP: 106/106 MP: 11/11
 13069 | Orc:2    | Found an ancient bone altar of Kikubaaqudgha.
 13082 | Orc:2    | Noticed an ogre mage
 13100 | Orc:2    | Killed an ogre mage
 13154 | Orc:2    | Reached skill level 10 in Fighting
 13183 | Orc:2    | Noticed an ogre mage
 13187 | Orc:2    | Noticed an ogre mage
 13193 | Orc:2    | Killed an ogre mage
 13195 | Orc:2    | Killed an ogre mage
 13271 | Orc:2    | Noticed an ogre mage
 13285 | Orc:2    | Killed an ogre mage
 13373 | Orc:2    | Found Voosch's Antique Weapon Emporium.
 13399 | Orc:2    | Found Kuuvoac's Magic Scroll Emporium.
 13408 | Orc:2    | Found Ymaed's Distillery.
 13419 | Orc:2    | Bought a potion of invisibility for 112 gold pieces
 13419 | Orc:2    | Bought a potion of flight for 42 gold pieces
 13419 | Orc:2    | Bought a potion of lignification for 42 gold pieces
 13419 | Orc:2    | Bought a potion of mutation for 112 gold pieces
 13419 | Orc:2    | Bought a potion of degeneration for 14 gold pieces
 13429 | Orc:2    | Bought a scroll of acquirement for 728 gold pieces
 13429 | Orc:2    | Bought a scroll of blinking for 105 gold pieces
 13429 | Orc:2    | Acquired the +10 crystal plate armour of Apathy {Regen+
                  | Stlth+}
 14003 | Orc:1    | Noticed Erolcha
 14016 | Orc:1    | Killed Erolcha
 14225 | Orc:2    | Bought a scroll of blinking for 105 gold pieces
 14225 | Orc:2    | Bought a scroll of blinking for 105 gold pieces
 14225 | Orc:2    | Bought a scroll of teleportation for 42 gold pieces
 14225 | Orc:2    | Bought a scroll of identify for 28 gold pieces
 14225 | Orc:2    | Bought a scroll of identify for 28 gold pieces
 14419 | D:9      | Received a gift from Trog
 14422 | D:9      | Killed a two-headed ogre
 14458 | D:10     | Killed Joseph
 14779 | D:10     | Found a hazy altar of Hepliaklqana.
 14936 | D:11     | Noticed a six-headed hydra
 14945 | D:11     | Killed a six-headed hydra
 14967 | D:11     | Found a staircase to the Lair.
 15008 | D:11     | Found Rasolet's Weapon Emporium.
 15147 | D:11     | Noticed Fannar
 15157 | D:11     | Killed Fannar
 15613 | Lair:1   | Entered Level 1 of the Lair of Beasts
 15716 | Lair:1   | Found a frozen archway.
 15750 | IceCv    | Entered an ice cave
 15873 | IceCv    | Reached XP level 13. HP: 115/115 MP: 12/12
 16049 | IceCv    | Noticed a quicksilver ooze
 16053 | IceCv    | Killed a quicksilver ooze
 16053 | IceCv    | Received a gift from Trog
 16131 | IceCv    | Noticed a quicksilver ooze
 16135 | IceCv    | Killed a quicksilver ooze
 16136 | IceCv    | Found a viscous altar of Jiyva.
 16136 | IceCv    | Noticed an azure jelly
 16148 | IceCv    | Killed an azure jelly
 16189 | IceCv    | Identified the amulet "Ixkit" {Reflect Rampage rPois MP-9
                  | Str+9 SH+5}
 16195 | IceCv    | Identified the amulet "Poklut" {Acrobat +Inv rF+}
 16201 | IceCv    | Identified the +0 ring mail of Dadinal {Harm Int+3}
 16588 | Lair:1   | Reached skill level 10 in Shields
 16759 | Lair:1   | You fall into a shaft and drop 1 floor!
 16837 | Lair:2   | Reached skill level 5 in Axes
 16837 | Lair:2   | Reached skill level 10 in Throwing
 16868 | Lair:2   | Found a hole to the Spider Nest.
 18018 | Lair:3   | Received a gift from Trog
 18092 | Lair:3   | Reached XP level 14. HP: 124/126 MP: 4/13
 18416 | Lair:3   | Noticed Josephine
 18424 | Lair:3   | Killed Josephine
 18509 | Lair:3   | Reached skill level 10 in Axes
 18644 | Lair:3   | Found a staircase to the Shoals.
 19094 | Lair:4   | Found a staircase to the Slime Pits.
 19094 | Lair:4   | Found a viscous altar of Jiyva.
 19173 | Lair:4   | Received a gift from Trog
 19481 | Lair:5   | Entered Level 5 of the Lair of Beasts
 19701 | Lair:5   | Reached XP level 15. HP: 136/136 MP: 5/14
 19909 | Lair:5   | Identified the +3 battleaxe "Zoqoptee" {vorpal, rElec rPois
                  | rC+ Int+3}
 20031 | Lair:5   | Identified the +2 war axe of Eternal Harmony {vorpal,
                  | *Corrode Str+6 Dex+2} (Trog gifted it to you on level 5 of
                  | the Lair of Beasts)
 20031 | Lair:5   | Received a gift from Trog
 20045 | Lair:5   | Reached skill level 15 in Armour
 20049 | Lair:5   | Reached ****** piety under Trog
 20815 | D:12     | Found a transporter.
 20865 | D:12     | Found a transporter.
 20871 | D:12     | Noticed collin38's ghost (journeyman MiBe)
 21336 | D:12     | Received a gift from Trog
 21341 | D:12     | Killed collin38's ghost
 21346 | D:12     | Got the ring of the Gloaming {rPois Dex+6}
 21473 | D:13     | Noticed Azrael
 21484 | D:13     | Killed Azrael
 21489 | D:13     | Reached skill level 15 in Axes
 21558 | D:13     | Noticed Urug
 21568 | D:13     | Killed Urug
 21626 | D:13     | Found a gate to the Vaults.
 22148 | D:14     | Found a stormy altar of Qazlal.
 22149 | D:14     | Found a gate leading to a gauntlet.
 22170 | Gauntlet | Entered a Gauntlet
 22170 | Gauntlet | Found a transporter.
 22170 | Gauntlet | Found a transporter.
 22174 | Gauntlet | Found a transporter.
 22174 | Gauntlet | Found a transporter.
 22176 | Gauntlet | Found a large runed translucent door.
 22177 | Gauntlet | Found a large runed translucent door.
 22178 | Gauntlet | Found a large runed translucent door.
 22178 | Gauntlet | Found a large runed translucent door.
 22178 | Gauntlet | Found a runed translucent door.
 22180 | Gauntlet | Found a large runed translucent door.
 22180 | Gauntlet | Found a large runed translucent door.
 22182 | Gauntlet | Found a transporter.
 22188 | Gauntlet | Found a large runed translucent door.
 22189 | Gauntlet | Found a large runed translucent door.
 22191 | Gauntlet | Found a runed translucent gate.
 22193 | Gauntlet | Found a transporter.
 22203 | Gauntlet | Found a transporter.
 22206 | Gauntlet | Found a transporter.
 22210 | Gauntlet | Found a transporter.
 22233 | Gauntlet | Found a transporter.
 22235 | Gauntlet | Found a runed translucent gate.
 22235 | Gauntlet | Found a runed translucent gate.
 22237 | Gauntlet | Found a large runed translucent door.
 22238 | Gauntlet | Found a large runed translucent door.
 22242 | Gauntlet | Found a transporter.
 22245 | Gauntlet | Found a large runed translucent door.
 22246 | Gauntlet | Found a large runed translucent door.
 22249 | Gauntlet | Found a runed translucent door.
 22260 | Gauntlet | Found a large runed translucent door.
 22260 | Gauntlet | Found a large runed translucent door.
 22261 | Gauntlet | Found a large runed translucent door.
 22262 | Gauntlet | Found a large runed translucent door.
 22262 | Gauntlet | Found a transporter.
 22308 | Gauntlet | Found a transporter.
 22322 | Gauntlet | Found a transporter.
 22422 | Gauntlet | Found a transporter.
 22438 | Gauntlet | Found a transporter.
 22551 | Gauntlet | Noticed an azure jelly
 22551 | Gauntlet | an eleionoma changed into an azure jelly
 22553 | Gauntlet | Noticed a frost giant
 22553 | Gauntlet | an azure jelly changed into a frost giant
 22554 | Gauntlet | Noticed a sphinx
 22554 | Gauntlet | a frost giant changed into a sphinx
 22651 | Gauntlet | Identified the +1 cloak "Hodyeple" {Regen+ Dex+7}
 22714 | Gauntlet | Identified the amulet "Teot" {Reflect Str+4 SH+5}
 22913 | D:14     | Received a gift from Trog
 22919 | D:14     | Reached XP level 16. HP: 147/147 MP: 6/15
 23523 | D:15     | Entered Level 15 of the Dungeon
 23593 | D:15     | Found a staircase to the Depths.
 23669 | D:15     | Reached skill level 15 in Fighting
 24257 | Shoals:1 | Entered Level 1 of the Shoals
 24300 | Shoals:1 | Noticed Kirke
 24316 | Shoals:1 | Identified the +4 demon blade of Tender Mercy {flame, rC+}
                  | (Trog gifted it to you on level 1 of the Shoals)
 24316 | Shoals:1 | Received a gift from Trog
 24317 | Shoals:1 | Killed Kirke
 24501 | Shoals:1 | Reached skill level 15 in Shields
 25032 | Shoals:2 | You fall into a shaft and drop 1 floor!
 25152 | Shoals:3 | Noticed Mlioglotl
 25159 | Shoals:3 | Killed Mlioglotl
 25344 | Shoals:3 | Received a gift from Trog
 25391 | Shoals:3 | Found Adwoun's Assorted Antiques.
 25638 | Shoals:4 | Entered Level 4 of the Shoals
 25804 | Shoals:2 | Reached XP level 17. HP: 157/157 MP: 7/16
 26060 | Shoals:2 | Noticed Donald
 26069 | Shoals:2 | Killed Donald
 26439 | Shoals:4 | Got a barnacled rune of Zot
 26440 | Shoals:4 | Identified the +10 long sword of Inlew {drain, rElec rPois
                  | rF+}
 26456 | Shoals:4 | Identified the amulet "Riuleix" {RegenMP rF- rC++ Str-3
                  | Dex+3}
 26463 | Shoals:4 | Received a gift from Trog
 26514 | Shoals:4 | Paralysed by a sphinx for 2 turns
 26823 | Spider:1 | Entered Level 1 of the Spider Nest
 27000 | Spider:1 | Found a transporter.
 27036 | Spider:1 | Found a transporter.
 27511 | Spider:2 | Received a gift from Trog
 27667 | Spider:2 | Identified the +7 war axe of Pestilence {protect, rCorr
                  | Str+4 SInv}
 27972 | Spider:2 | Reached XP level 18. HP: 141/169 MP: 0/17
 28881 | Spider:3 | Found a runed translucent gate.
 28886 | Spider:3 | Found a runed translucent gate.
 28887 | Spider:3 | Found a runed translucent gate.
 29141 | Spider:3 | Noticed Rod Caur's ghost (adept HOFi)
 29142 | Spider:3 | Noticed Xiodwi's ghost (adept HOFi)
 29287 | Spider:3 | Killed Rod Caur's ghost
 29289 | Spider:3 | Killed Xiodwi's ghost
 29334 | Spider:4 | Entered Level 4 of the Spider Nest
 29561 | Spider:4 | Received a gift from Trog
 29952 | Spider:4 | Got a gossamer rune of Zot
 30427 | Elf:1    | Entered Level 1 of the Elven Halls
 30442 | Elf:1    | Found a radiant altar of Vehumet.
 30554 | Elf:1    | Paralysed by an air elemental for 1 turns
 30575 | Elf:1    | Received a gift from Trog
 30735 | Elf:1    | Reached XP level 19. HP: 181/181 MP: 9/18
 31042 | Elf:1    | Received a gift from Trog
 31050 | Abyss:2  | Cast into level 2 of the Abyss (a deep elf sorcerer)
 31351 | Elf:1    | Escaped the Abyss
 31364 | Elf:1    | Found Koch's Distillery.
 31470 | Elf:1    | Bought a potion of heal wounds for 90 gold pieces
 31470 | Elf:1    | Bought a potion of curing for 54 gold pieces
 31470 | Elf:1    | Bought a potion of might for 72 gold pieces
 31470 | Elf:1    | Bought a potion of heal wounds for 90 gold pieces
 31470 | Elf:1    | Bought a potion of heal wounds for 90 gold pieces
 31533 | Abyss:2  | Cast into level 2 of the Abyss (a deep elf sorcerer)
 31737 | Abyss:2  | Gained mutation: Your body sometimes deteriorates upon
                  | taking damage. [a neqoxec]
 31809 | Abyss:2  | Found a corrupted altar of Lugonu.
 31835 | Abyss:2  | Received a gift from Trog
 31981 | Elf:1    | Escaped the Abyss
 32524 | Elf:2    | Paralysed by an air elemental for 1 turns
 32534 | Elf:2    | Received a gift from Trog
 32608 | Elf:2    | Found a runed translucent gate.
 32608 | Elf:2    | Found a runed translucent gate.
 32614 | Elf:2    | Found a runed translucent gate.
 33160 | Elf:2    | Received a gift from Trog
 33369 | Elf:3    | Entered Level 3 of the Elven Halls
 33973 | Elf:3    | Reached XP level 20. HP: 162/185 MP: 10/19
 34132 | Elf:3    | Received a gift from Trog
 34285 | Abyss:3  | Found a corrupted altar of Lugonu.
 34285 | Abyss:3  | Cast into level 3 of the Abyss (a deep elf demonologist)
 34316 | Abyss:3  | Noticed a pearl dragon
 34325 | Abyss:3  | Killed a pearl dragon
 34341 | Abyss:3  | Found a corrupted altar of Lugonu.
 34417 | Abyss:3  | Noticed a bone dragon
 34427 | Abyss:3  | Killed a bone dragon
 34453 | Elf:3    | Escaped the Abyss
 34536 | Elf:3    | Identified the amulet "Fesipt" {Reflect -Tele rPois Int+4
                  | SH+5}
 34547 | Elf:3    | Identified the +0 chain mail "Eptur" {rN+}
 34592 | Elf:3    | Identified the +6 quarterstaff of Miergh {vorpal, rPois
                  | Int+2 Dex+3 SInv}
 34811 | Elf:3    | Paralysed by an air elemental for 1 turns
 35575 | Vaults:1 | Entered Level 1 of the Vaults
 35627 | Vaults:1 | Received a gift from Trog
 37006 | Vaults:1 | Found Keihest's Antique Weapon Boutique.
 37015 | Vaults:1 | Found Faoxo's Distillery.
 37023 | Vaults:1 | Bought a potion of haste for 120 gold pieces
 37023 | Vaults:1 | Bought a potion of resistance for 120 gold pieces
 37023 | Vaults:1 | Bought a potion of curing for 36 gold pieces
 37023 | Vaults:1 | Bought a potion of cancellation for 96 gold pieces
 37023 | Vaults:1 | Bought a potion of heal wounds for 60 gold pieces
 37173 | Vaults:1 | Received a gift from Trog
 37302 | Vaults:1 | Reached XP level 21. HP: 209/209 MP: 0/20
 37700 | Vaults:2 | Found a portal to a secret trove of treasure.
 37779 | Vaults:2 | Found a staircase to the Crypt.
 38108 | Vaults:2 | Found Pairyugeda's Jewellery Emporium.
 38413 | Vaults:2 | You fall into a shaft and drop 2 floors!
 38557 | Vaults:4 | Found a transporter.
 38564 | Vaults:4 | Found a transporter.
 38567 | Vaults:4 | Identified the +1 helmet "Cal Xex" {rC+ Will+ Slay+2}
 38652 | Vaults:4 | Received a gift from Trog
 38772 | Vaults:4 | Found a huge runed gate.
 38772 | Vaults:4 | Found a huge runed gate.
 38772 | Vaults:4 | Found a huge runed gate.
 38772 | Vaults:4 | Found a huge runed gate.
 38772 | Vaults:4 | Found a huge runed gate.
 38772 | Vaults:4 | Found a huge runed gate.
 38772 | Vaults:4 | Found a huge runed gate.
 38773 | Vaults:4 | Found a huge runed gate.
 38773 | Vaults:4 | Found a huge runed gate.
 38773 | Vaults:4 | Found a huge runed gate.
 38780 | Vaults:4 | Found a huge runed gate.
 38780 | Vaults:4 | Found a huge runed gate.
 38780 | Vaults:4 | Found a huge runed gate.
 38780 | Vaults:4 | Found a huge runed gate.
 38780 | Vaults:4 | Found a huge runed gate.
 38780 | Vaults:4 | Found a huge runed gate.
 38781 | Vaults:4 | Found a huge runed gate.
 38782 | Vaults:4 | Found a huge runed gate.
 38783 | Vaults:4 | Found a huge runed gate.
 38791 | Vaults:4 | Found a huge runed gate.
 38791 | Vaults:4 | Found a huge runed gate.
 38791 | Vaults:4 | Found a huge runed gate.
 38791 | Vaults:4 | Found a huge runed gate.
 38791 | Vaults:4 | Found a huge runed gate.
 38791 | Vaults:4 | Found a huge runed gate.
 38792 | Vaults:4 | Found a huge runed gate.
 40276 | Vaults:3 | Received a gift from Trog
 41837 | Vaults:4 | Reached XP level 22. HP: 214/222 MP: 7/21
 41924 | Vaults:4 | Found a huge runed gate.
 41924 | Vaults:4 | Found a huge runed gate.
 41924 | Vaults:4 | Found a huge runed gate.
 41924 | Vaults:4 | Found a huge runed gate.
 41924 | Vaults:4 | Found a huge runed gate.
 41925 | Vaults:4 | Found a huge runed gate.
 41925 | Vaults:4 | Found a huge runed gate.
 41925 | Vaults:4 | Found a huge runed gate.
 41925 | Vaults:4 | Found a huge runed gate.
 41933 | Vaults:4 | Found a huge runed gate.
 42067 | Vaults:4 | Received a gift from Trog
 43422 | Vaults:5 | Entered Level 5 of the Vaults
 43525 | Vaults:5 | Noticed a golden dragon
 43529 | Vaults:5 | Noticed a dread lich
 43532 | Vaults:5 | Received a gift from Trog
 43631 | Vaults:5 | Killed a dread lich
 43639 | Vaults:4 | Killed a golden dragon
 44141 | Vaults:5 | Noticed an ancient lich
 44145 | Vaults:5 | Killed an ancient lich
 44160 | Vaults:5 | Identified the +1 flail of Osuck {flame, rC- Dex+5}
 44218 | Vaults:5 | Received a gift from Trog
 44514 | Vaults:5 | Noticed a golden dragon
 44521 | Vaults:5 | Reached XP level 23. HP: 215/235 MP: 6/22
 45184 | Vaults:4 | Received a gift from Trog
 45527 | Vaults:5 | Identified the +3 spear of the Riding Pill Bug {vorpal, Fly
                  | rF+}
 45767 | Vaults:5 | Identified the +8 chain mail of Pathos {rF+ Str+2}
 45864 | Vaults:5 | Got a silver rune of Zot
 46197 | Depths:1 | Entered Level 1 of the Depths
 46991 | Depths:1 | Reached skill level 27 in Axes
 47699 | Depths:1 | Found a glowing silver altar of Zin.
 47838 | Depths:1 | Found a gateway to Hell.
 48116 | Depths:2 | Received a gift from Trog
 48251 | Depths:2 | Found Kierr's Jewellery Shop.
 48251 | Depths:2 | Found Fues's Book Shoppe.
 48252 | Depths:2 | Found Femeqo Ezei's Book Shoppe.
 48802 | Vaults:2 | You paid a toll of 2 scrolls of acquirement to enter a
                  | treasure trove
 48803 | Trove    | Entered a treasure trove
 48832 | Trove    | Found the +18 shield of the Gong {rElec rN+ Will+ EV-5}
 48836 | Trove    | Identified the +2 pair of boots of Forking Paths {MP+9}
 48838 | Trove    | Identified the +0 pair of boots of Skepticism {Rampage
                  | Dex+2}
 48861 | Trove    | Identified the amulet of the Forging Gods {Reflect Rampage
                  | Int+5 Dex-5 SH+5 Stlth+}
 49150 | Depths:2 | Bought the ring of Daffodils {rElec rC+ Stlth+} for 627
                  | gold pieces
 49435 | Slime:1  | Entered Level 1 of the Pits of Slime
 49447 | Slime:1  | Gained mutation: You occasionally lose the ability to drink
                  | potions when taking damage. [a shining eye]
 49473 | Slime:1  | Gained mutation: You passively map a small area around you.
                  | [a shining eye]
 49475 | Slime:1  | Gained mutation: Your flesh is cold resistant. (rC+) [a
                  | shining eye]
 49477 | Slime:1  | Gained mutation: Potions are less effective at restoring
                  | your health. [a shining eye]
 49761 | Slime:3  | Reached skill level 27 in Fighting
 50066 | Slime:5  | Entered Level 5 of the Pits of Slime
 50102 | Slime:4  | Gained mutation: You are clumsy. (Dex -2) [a shining eye]
 50348 | Slime:5  | Found a viscous altar of Jiyva.
 50349 | Slime:5  | Noticed the Royal Jelly
 50392 | Slime:5  | Killed the Royal Jelly
 50393 | Slime:5  | Reached XP level 24. HP: 225/249 MP: 0/22
 50418 | Slime:5  | Received a gift from Trog
 50459 | Slime:5  | Identified the ring of the Invisible Hand {+Blink rF- rC++
                  | Int+2 Slay+4}
 50473 | Slime:5  | Identified the +2 mace "Worm's Wrath" {vorpal, rElec rF++
                  | Str+4}
 50486 | Slime:5  | Identified the +5 dagger of Tiodog Kuh {spect, Will+ Dex+3}
 50546 | Slime:5  | Got a slimy rune of Zot
 50575 | Slime:5  | Lost mutation: Your flesh is cold resistant. (rC+) [potion
                  | of mutation]
 50575 | Slime:5  | Lost mutation: You passively map a small area around you.
                  | [potion of mutation]
 50575 | Slime:5  | Gained mutation: You occasionally lose the ability to read
                  | scrolls when taking damage. [potion of mutation]
 50576 | Slime:5  | Lost mutation: You are clumsy. (Dex -2) [potion of
                  | mutation]
 50576 | Slime:5  | Lost mutation: Potions are less effective at restoring your
                  | health. [potion of mutation]
 50576 | Slime:5  | Gained mutation: You have sharp toenails. [potion of
                  | mutation]
 50576 | Slime:5  | Gained mutation: Your muscles are strong. (Str +4, Int/Dex
                  | -1) [potion of mutation]
 50577 | Slime:5  | Lost mutation: Your body sometimes deteriorates upon taking
                  | damage. [potion of mutation]
 50577 | Slime:5  | Lost mutation: You have sharp toenails. [potion of
                  | mutation]
 50577 | Slime:5  | Gained mutation: Your magical capacity is low. (-10% MP)
                  | [potion of mutation]
 50577 | Slime:5  | Gained mutation: Your flesh is heat resistant. (rF+)
                  | [potion of mutation]
 50578 | Slime:5  | Lost mutation: Your flesh is heat resistant. (rF+) [potion
                  | of mutation]
 50578 | Slime:5  | Lost mutation: Your magical capacity is low. (-10% MP)
                  | [potion of mutation]
 50579 | Slime:5  | Lost mutation: You occasionally lose the ability to read
                  | scrolls when taking damage. [potion of mutation]
 50579 | Slime:5  | Lost mutation: Your muscles are strong. (Str +4, Int/Dex
                  | -1) [potion of mutation]
 50579 | Slime:5  | Gained mutation: Your magical capacity is low. (-10% MP)
                  | [potion of mutation]
 50580 | Slime:5  | Lost mutation: Your magical capacity is low. (-10% MP)
                  | [potion of mutation]
 50580 | Slime:5  | Lost mutation: You occasionally lose the ability to drink
                  | potions when taking damage. [potion of mutation]
 50580 | Slime:5  | Gained mutation: You have sharp toenails. [potion of
                  | mutation]
 50580 | Slime:5  | Gained mutation: Armour fits poorly on your strangely
                  | shaped body. [potion of mutation]
 50581 | Slime:5  | Lost mutation: Armour fits poorly on your strangely shaped
                  | body. [potion of mutation]
 50581 | Slime:5  | Lost mutation: You have sharp toenails. [potion of
                  | mutation]
 50581 | Slime:5  | Gained mutation: You passively map a small area around you.
                  | [potion of mutation]
 50581 | Slime:5  | Gained mutation: You have a somewhat thin skeletal
                  | structure. (Dex +2, Stealth+) [potion of mutation]
 50581 | Slime:5  | Gained mutation: You passively dampen the noise of your
                  | surroundings. [potion of mutation]
 51465 | Depths:2 | Paralysed by a sphinx for 2 turns
 52258 | Depths:2 | Found a one-way gate leading to the halls of Pandemonium.
 52398 | Depths:3 | Found Feecsah's General Store.
 52975 | Depths:3 | Reached skill level 15 in Throwing
 53081 | Depths:3 | Noticed a juggernaut
 53109 | Depths:3 | Killed a juggernaut
 53258 | Depths:3 | You fall into a shaft and drop 1 floor!
 53258 | Depths:4 | Entered Level 4 of the Depths
 53585 | Depths:3 | Found a one-way gate to the infinite horrors of the Abyss.
 53645 | Depths:3 | Paralysed by a sphinx for 2 turns
 53651 | Depths:3 | Received a gift from Trog
 53919 | Depths:3 | Identified the +1 plate armour "Suaguyn" {rElec rPois}
 54038 | Depths:3 | Noticed a juggernaut
 54053 | Depths:3 | Killed a juggernaut
 54074 | Depths:3 | Identified the +3 leather armour of the Blessed Realm {rF+
                  | Will++ Str+4 Stlth-}
 54349 | Depths:3 | Identified the +1 sling "Ethebapno" {flame, rPois Will++
                  | Stlth-}
 54664 | Depths:3 | Found a one-way gateway to a ziggurat.
 54758 | Depths:3 | Received a gift from Trog
 54759 | Depths:3 | Reached XP level 25. HP: 257/257 MP: 15/22
 55188 | Crypt:1  | Entered Level 1 of the Crypt
 55670 | Crypt:1  | Reached skill level 5 in Dodging
 56364 | Crypt:2  | Received a gift from Trog
 57465 | Crypt:3  | Entered Level 3 of the Crypt
 58481 | Crypt:3  | Received a gift from Trog
 58615 | Crypt:3  | Noticed Grunn
 58629 | Crypt:3  | Killed Grunn
 59267 | Crypt:3  | Found a staircase to the Tomb.
 59280 | Crypt:3  | Noticed a dread lich
 59294 | Crypt:3  | Killed a dread lich
 60137 | Depths:3 | Voluntarily entered the Abyss.
 60159 | Abyss:3  | Identified the +7 trident "Awkisos" {flame, Str+3} (Trog
                  | gifted it to you on level 3 of the Abyss)
 60159 | Abyss:3  | Received a gift from Trog
 60219 | Abyss:4  | Found a corrupted altar of Lugonu.
 60328 | Abyss:4  | Gained mutation: You sometimes lose your temper in combat.
                  | [a neqoxec]
 60329 | Abyss:4  | Gained mutation: You occasionally lose the ability to drink
                  | potions when taking damage. [a neqoxec]
 60497 | Abyss:5  | Reached skill level 27 in Shields
 60500 | Abyss:5  | Paralysed by accursed screaming for 2 turns
 60508 | Abyss:5  | Paralysed by accursed screaming for 2 turns
 60513 | Abyss:5  | Paralysed by accursed screaming for 2 turns
 60526 | Abyss:5  | Paralysed by accursed screaming for 2 turns
 60543 | Depths:3 | Escaped the Abyss
 60637 | Depths:3 | Lost mutation: You passively map a small area around you.
                  | [potion of mutation]
 60637 | Depths:3 | Lost mutation: You have a somewhat thin skeletal structure.
                  | (Dex +2, Stealth+) [potion of mutation]
 60637 | Depths:3 | Gained mutation: You are covered in fur. (AC +1) [potion of
                  | mutation]
 60637 | Depths:3 | Gained mutation: Your magical capacity is low. (-10% MP)
                  | [potion of mutation]
 60637 | Depths:3 | Gained mutation: You are somewhat resistant to further
                  | mutation. [potion of mutation]
 60638 | Depths:3 | Lost mutation: You occasionally lose the ability to drink
                  | potions when taking damage. [potion of mutation]
 60638 | Depths:3 | Lost mutation: You passively dampen the noise of your
                  | surroundings. [potion of mutation]
 60638 | Depths:3 | Lost mutation: You are covered in fur. (AC +1) [potion of
                  | mutation]
 60638 | Depths:3 | Gained mutation: You are resistant to electric shocks.
                  | (rElec) [potion of mutation]
 60638 | Depths:3 | Gained mutation: You are agile. (Dex +4, Str/Int -1)
                  | [potion of mutation]
 60639 | Depths:3 | Lost mutation: Your magical capacity is low. (-10% MP)
                  | [potion of mutation]
 60639 | Depths:3 | Lost mutation: You sometimes lose your temper in combat.
                  | [potion of mutation]
 60639 | Depths:3 | Lost mutation: You are agile. (Dex +4, Str/Int -1) [potion
                  | of mutation]
 60639 | Depths:3 | Gained mutation: You are somewhat resistant to both further
                  | mutation and mutation removal. [potion of mutation]
 60737 | Pan      | Entered Pandemonium
 61067 | Pan      | Found an exit through the horrors of the Abyss.
 61132 | Pan      | Noticed Cacueff the pandemonium lord
 61140 | Pan      | Noticed a dread lich
 61143 | Pan      | Killed Cacueff the pandemonium lord
 61144 | Pan      | Reached XP level 26. HP: 237/266 MP: 1/22
 61159 | Pan      | Noticed a dread lich
 61161 | Pan      | Killed a dread lich
 61162 | Pan      | Reached skill level 10 in Dodging
 61167 | Pan      | HP: 9/257 [sun demon (8)]
 61396 | Pan      | Received a gift from Trog
 61438 | Pan      | Killed a dread lich
 61439 | Pan      | Found Cacueff's Superb Hardware.
 61591 | Pan      | Found an opulent altar of Gozag.
 61592 | Pan      | Found an opulent altar of Gozag.
 61598 | Pan      | Found Cacueff's Demonic Rune Supply.
 61604 | Pan      | Bought a demonic rune of Zot for 6226 gold pieces
 61619 | Pan      | Found Cacueff's Exquisite Manuscripts.
 61631 | Pan      | Found an opulent altar of Gozag.
 61644 | Pan      | Found Cacueff's Jewellery Emporium.
 62046 | Depths:2 | Escaped Pandemonium
 62146 | Depths:3 | Voluntarily entered the Abyss.
 62221 | Abyss:5  | Got an abyssal rune of Zot
 62286 | Depths:3 | Escaped the Abyss
 62448 | Hell     | Entered the Vestibule of Hell
 62523 | Hell     | Noticed Murray
 62529 | Hell     | Noticed Geryon
 62532 | Hell     | Received a gift from Trog
 62630 | Hell     | Killed Murray
 62811 | Hell     | Killed Geryon
 63272 | Depths:4 | Found a gate to the Realm of Zot.
 63642 | Depths:4 | Received a gift from Trog
 64198 | Hell     | Found a gateway to the freezing wastes of Cocytus.
 64259 | Hell     | Found a gateway to the decaying netherworld of Tartarus.
 64309 | Hell     | Found a gateway to the ashen valley of Gehenna.
 64459 | Hell     | Found a gateway to the Iron City of Dis.
 64634 | Pan      | Entered the realm of Gloorx Vloq.
 64634 | Pan      | Entered Pandemonium
 65049 | Pan      | Noticed Gloorx Vloq
 65056 | Pan      | HP: 13/266 [poisoned by Gloorx Vloq (dark miasma)]
 65056 | Pan      | HP: 5/266 [??? (2)]
 65305 | Pan      | Reached XP level 27. HP: 273/273 MP: 0/22
 65438 | Pan      | Reached skill level 27 in Armour
 65828 | Pan      | Killed Gloorx Vloq
 65945 | Pan      | Got a dark rune of Zot
 66529 | Pan      | Found a runed translucent door.
 66535 | Pan      | Found a runed translucent door.
 66539 | Pan      | Found a runed translucent door.
 66539 | Pan      | Found a runed translucent door.
 66539 | Pan      | Noticed Syttuaff the pandemonium lord
 66552 | Pan      | Killed Syttuaff the pandemonium lord
 66622 | Pan      | Noticed Joen the pandemonium lord
 66639 | Pan      | Killed Joen the pandemonium lord
 66759 | Pan      | Received a gift from Trog
 66904 | Pan      | Noticed Fyenuuhi the pandemonium lord
 66913 | Pan      | Killed Fyenuuhi the pandemonium lord
 67199 | Pan      | Found an exit through the horrors of the Abyss.
 67209 | Pan      | Took an exit into the Abyss.
 67209 | Abyss:5  | Escaped into the Abyss
 67329 | Abyss:5  | Paralysed by accursed screaming for 1 turns
 67369 | Abyss:5  | Received a gift from Trog
 67387 | Depths:2 | Escaped the Abyss
 67586 | Zot:1    | Entered Level 1 of the Realm of Zot
 67600 | Zot:1    | Reached skill level 15 in Dodging
 67938 | Depths:2 | Bought the ring of Kovush {rC+ Dex+4} for 606 gold pieces
 68817 | Zot:2    | Found a transporter.
 68858 | Zot:2    | Received a gift from Trog
 68982 | Zot:2    | Identified the +0 pair of gloves "Cogaic" {Fly rPois Int+4}
 69123 | Zot:2    | Noticed an orb of fire
 69136 | Zot:2    | Killed an orb of fire
 69451 | Zot:2    | Found a transporter.
 69755 | Zot:2    | Noticed a dread lich
 69764 | Zot:2    | Killed a dread lich
 69773 | Zot:2    | Noticed an orb of fire
 69816 | Zot:2    | Killed an orb of fire
 69841 | Zot:2    | Gained mutation: Your magical capacity is low. (-10% MP) [a
                  | cacodemon]
 69967 | Zot:2    | Identified the +3 hand axe of Jier {freeze, Int+4}
 69991 | Zot:2    | Identified the ring of Yckeaxki {rN+ Dex+6}
 70008 | Zot:2    | Identified the +7 giant club of Patterns {freeze, Will+
                  | Str+2 Int+3}
 70022 | Zot:2    | Identified the ring of Qoonwun {Fly rCorr Str-2 Dex+5 SInv}
 70225 | Depths:3 | Received a gift from Trog
 70513 | Zot:3    | Reached skill level 5 in Evocations
 71575 | Zot:4    | Reached skill level 5 in Stealth
 72372 | Zot:4    | Received a gift from Trog
 72657 | Zot:5    | Entered Level 5 of the Realm of Zot
 73135 | Zot:5    | Noticed an orb of fire
 73147 | Zot:5    | Killed an orb of fire
 73148 | Zot:5    | Noticed an orb of fire
 73153 | Zot:5    | Noticed an orb of fire
 73161 | Zot:5    | Gained mutation: You occasionally lose the ability to drink
                  | potions when taking damage. [an orb of fire]
 73162 | Zot:5    | Noticed an orb of fire
 73165 | Zot:5    | Noticed an orb of fire
 73177 | Zot:5    | Noticed a dread lich
 73186 | Zot:5    | Gained mutation: Your body sometimes deteriorates upon
                  | taking damage. [an orb of fire]
 73188 | Zot:5    | Killed an orb of fire
 73194 | Zot:5    | Gained mutation: You sometimes lose your temper in combat.
                  | [an orb of fire]
 73196 | Zot:5    | Gained mutation: Your body often deteriorates upon taking
                  | damage. [an orb of fire]
 73204 | Zot:5    | Killed an orb of fire
 73206 | Zot:5    | Killed an orb of fire
 73215 | Zot:5    | Killed an orb of fire
 73293 | Zot:5    | Lost mutation: You are somewhat resistant to both further
                  | mutation and mutation removal. [potion of mutation]
 73294 | Zot:5    | Lost mutation: Your body often deteriorates upon taking
                  | damage. [potion of mutation]
 73294 | Zot:5    | Lost mutation: Your body sometimes deteriorates upon taking
                  | damage. [potion of mutation]
 73294 | Zot:5    | Lost mutation: You are somewhat resistant to further
                  | mutation. [potion of mutation]
 73294 | Zot:5    | Gained mutation: You are robust. (+10% HP) [potion of
                  | mutation]
 73295 | Zot:5    | Lost mutation: You are robust. (+10% HP) [potion of
                  | mutation]
 73295 | Zot:5    | Lost mutation: You occasionally lose the ability to drink
                  | potions when taking damage. [potion of mutation]
 73295 | Zot:5    | Lost mutation: You sometimes lose your temper in combat.
                  | [potion of mutation]
 73295 | Zot:5    | Gained mutation: Your magical capacity is very low. (-20%
                  | MP) [potion of mutation]
 73295 | Zot:5    | Gained mutation: You possess an exceptional clarity of
                  | mind. [potion of mutation]
 73553 | Zot:5    | Noticed an ancient lich
 73563 | Zot:5    | Noticed an ancient lich
 73580 | Zot:5    | Killed an ancient lich
 73582 | Zot:5    | Killed an ancient lich
 73679 | Zot:5    | Received a gift from Trog
 73725 | Zot:5    | Killed a dread lich
 73741 | Zot:5    | Noticed an ancient lich
 73750 | Zot:5    | Noticed a juggernaut
 73750 | Zot:5    | a Killer Klown changed into a juggernaut
 73761 | Zot:5    | Killed an ancient lich
 73766 | Zot:5    | Killed a juggernaut
 74210 | Zot:5    | Got the Orb of Zot
 74829 | D:$      | Escaped with the Orb!

Illustrated notes

Levels and vault maps discovered:
D:1:      kb_arrival_jail, layout_basic
D:2:      layout_loops_corners, shapermc_ecumenical_altar_petra, uniq_natasha
D:3:      layout_loops_ring, kennysheep_generic_room_6
D:4:      layout_basic, minmay_door_square, minivault_24,
          kennysheep_generic_room_14
D:5:      layout_gridville, kennysheep_mini_moat, nicolae_ossuary_entry_giza,
          uniq_eustachio
D:6:      layout_basic, minmay_temple_entry_large_hall, ebering_ghost_sewer_d,
          minmay_fractal_squares_5
D:7:      layout_layer_cave, uniq_duvessa
D:8:      layout_layer_cave, minitemple, serial_shops, kennysheep_mini,
          minivault_14, chequers_serial_rivers_large_a,
          wad_floor_pattern_untrapped
D:9:      layout_basic, david_orc_5
D:10:     layout_cave_pools, lemuel_crystal_altar, uniq_joseph, uniq_nergalle
D:11:     layout_irregular_city, lair_entry_dummy, serial_shops,
          nicolae_shop_trees, serial_column_ruins, column_ruins_square_large,
          column_ruins_hut_ruined, column_ruins_open_tiny,
          column_ruins_corridor_straight, column_ruins_open_medium,
          column_ruins_columns_corner, column_ruins_grid_1, uniq_fannar
D:12:     layout_loops_ring, gammafunk_ghost_stat_death
D:13:     minmay_ornate_pinched, layout_basic, skrybe_vaults_entry_preservation,
          uniq_azrael, uniq_urug
D:14:     nicolae_cairo_tiling, layout_basic, gauntlet_entry_generic,
          nicolae_qazlal_general_emergency, feat_on_display
D:15:     grunt_enter_depths_giant_problem, layout_small_grid, special_room
          [special_room_mythical_zoo]
Lair:1:   layout_regular_city, portal_ice_cave_entry_ice_simulacra,
          beast_lair_carwin_11, infiniplex_staircase_pool_2
Lair:2:   layout_regular_city, spider_nest_entry_rubble
Lair:3:   layout_cave_pods, elwin_shoals_entry_rooms, grunt_megastairs_1,
          uniq_josephine
Lair:4:   layout_big_grid, nicolae_slime_entry_slimehenge, lemuel_old_faithful
Lair:5:   minmay_lair_end_enchanted_forest, layout_hall_layers,
          nzn_sisyphean_effort
Shoals:1: layout_shoals, uniq_kirke
Shoals:2: layout_shoals, nicolae_shoals_shepherds, uniq_donald
Shoals:3: layout_shoals, serial_shops, shop, uniq_mlioglotl
Shoals:4: shoals_end_hellmonk_lost_city
Spider:1: gammafunk_sealed_arena
Spider:2: layout_chambers, nicolae_spider_eight_legs, nicolae_spider_cling_halls
Spider:3: layout_spider_delve, gammafunk_ghost_cemetery
Spider:4: spider_rune_water, hellmonk_test_site
Slime:1:  layout_caves
Slime:2:  layout_caves
Slime:3:  layout_caves
Slime:4:  layout_caves
Slime:5
Orc:1:    layout_caves, uniq_erolcha
Orc:2:    kennysheep_orc_mage_school, layout_caves, abandoned_shop
Elf:1:    eino_elf_arrival_altar, layout_gridlike, serial_shops, shop_statue,
          hangedman_elf_disciples, minmay_elf_demonology
Elf:2:    elven_hall_of_blades_hangedman_original
          [nicolae_blade_entry_pointy_end], layout_loops_ring
Elf:3:    minmay_elf_hall_statues, layout_geoelf_castle
Vaults:1: v_rooms_2, nicolae_vaults_angled_halls, v_misc_5, v_misc_33,
          nicolae_vaults_angled_halls, vaults_dpeg_ring,
          nicolae_vaults_what_the_h, nicolae_vaults_know_your_exits,
          nicolae_vaults_three_branches, vaults_room_mumra_shop_pool,
          ontoclasm_vaults_tryst, layout_vaults_ring, serial_shops, shop
Vaults:2: nicolae_vaults_mini_display_case, nicolae_vaults_little_squares_3,
          ontoclasm_vaults_bender, ontoclasm_vaults_spin,
          ontoclasm_vaults_decontamination, vaults_dpeg_encased_lava,
          layout_vaults_quadrants, dummy_crypt_entry, enter_trove_0,
          serial_shops, shop
Vaults:3: vaults_room_boxed, v_pattern_2, hangedman_vaults_nails,
          ontoclasm_vaults_ligature, v_misc_11, nicolae_vaults_specimen_jars,
          vaults_dpeg_emergency_exit, vaults_mumra_minichess,
          nicolae_vaults_quartermaster, v_misc_5, layout_vaults_big_room
Vaults:4: gammafunk_ghost_door_vault, ontoclasm_vaults_ring_small,
          hangedman_vaults_impose, nicolae_vaults_angled_halls, v_misc_19,
          v_rooms_4, gammafunk_the_bubble [the_bubble_gammafunk_split],
          vaults_room_grid, v_alt_pattern_6, v_misc_27, v_misc_26,
          ontoclasm_vaults_pinch, nicolae_vaults_ninety_degrees, v_misc_11,
          layout_vaults_maze_snakey
Vaults:5
Crypt:1:  layout_rooms
Crypt:2:  layout_basic, nicolae_crypt_statuary_hall, grunt_megastairs_2
Crypt:3:  quadcrypt_mu, uniq_grunn
Depths:1: layout_honeycomb, zin_angel, hellmouth_1, kilobyte_mutagenic_chamber
Depths:2: minmay_the_grid_square_5x5_4x4 [minmay_the_grid_square_5x5_lines,
          minmay_the_grid_square_5x5_six, minmay_the_grid_square_5x5_minimal,
          minmay_the_grid_square_5x5_longway,
          minmay_the_grid_square_5x5_n_small,
          minmay_the_grid_square_5x5_prize_snowflake,
          minmay_the_grid_square_5x5_prize_open,
          minmay_the_grid_square_5x5_shrine1,
          minmay_the_grid_square_5x5_hollow_slash,
          minmay_the_grid_square_5x5_prize_waves,
          minmay_the_grid_square_5x5_prize_rear_guard,
          minmay_the_grid_square_5x5_two, minmay_the_grid_square_5x5_dogpile,
          minmay_the_grid_square_5x5_minivault,
          minmay_the_grid_square_5x5_shuriken,
          minmay_the_grid_square_5x5_checkered_statues], layout_cave_shapes,
          hell_entry, grunt_pan_entry_sceptre, infiniplex_staircase_trident,
          minmay_shop_grove
Depths:3: minmay_octagon_city, layout_gridville, enter_ziggurat_b,
          minmay_stone_trees_large, pf_vacation_house_of_asmodeus, abyss_entry,
          serial_shops, shop
Depths:4: evilmike_zot_entry_argh, layout_basic, hangedman_decor_diamond_cutter,
          pf_coc_iceberg, dk_noncrumbling_3
Hell
Zot:1:    layout_onion_interference, grunt_megastairs_4
Zot:2:    gammafunk_dig_for_victory, layout_gridlike
Zot:3:    layout_gridlike, guppyfry_library_mini
Zot:4:    layout_gridlike
Zot:5:    layout_twisted_circle

Skill      XL: |  1  2  3  4  5  6  7  8  9 10 11 12 13 14 15 16 17 18 19 20 21 22 23 24 25 26 27 |
---------------+----------------------------------------------------------------------------------+-----
Axes           | 3 4 7 12 16 18 19 20 22 23 25 26 27 | 27.0
Armour         | 4 5 6 7 9 11 12 13 14 15 16 17 18 19 20 21 22 23 24 26 27 | 27.0
Fighting       | 4 5 6 7 9 10 12 13 14 15 17 18 20 22 24 25 27 | 27.0
Shields        | 4 5 6 7 9 10 12 13 15 17 18 19 20 24 27 | 27.0
Dodging        | 1 2 3 4 9 13 18 | 18.1
Maces & Flails | 1 3 5 7 9 11 12 13 14 | 14.6
Stealth        | 1 2 3 5 |  5.3
Throwing       | 3 6 8 10 11 13 15 17 25 | 25.9
Evocations     | 1 8 |  8.6
Unarmed Combat | |  0.4

Action                   |  1- 3 |  4- 6 |  7- 9 | 10-12 | 13-15 | 16-18 | 19-21 | 22-24 | 25-27 || total
-------------------------+-------+-------+-------+-------+-------+-------+-------+-------+-------++-------
Melee: War axe           |    43 |    35 |       |       |   125 |       |       |   595 |  2499 ||  3297
       Headbutt          |     6 |     6 |    48 |    88 |   214 |   303 |   310 |   390 |   901 ||  2266
       Mace              |       |    59 |   320 |   508 |   207 |       |       |       |       ||  1094
       Broad axe         |       |       |       |       |   551 |   576 |       |       |       ||  1127
       Battleaxe         |       |       |       |       |       |   585 |  1258 |   547 |       ||  2390
       Unarmed           |       |       |       |       |       |       |       |       |     1 ||     1
Throw: Boomerang         |       |       |       |   190 |    53 |    40 |    27 |    82 |   324 ||   716
       Throwing net      |       |       |       |       |     2 |       |       |       |       ||     2
       Javelin           |       |       |       |       |       |       |       |    11 |    29 ||    40
Invok: Berserk           |       |     1 |     3 |    12 |    14 |     4 |     9 |    12 |    19 ||    74
       Trog's Hand       |       |     1 |       |     4 |     2 |     3 |    13 |     9 |    22 ||    54
       Brothers in Arms  |       |       |       |     3 |     1 |       |     1 |     2 |     4 ||    11
Evoke: Wand              |       |       |       |     4 |       |     2 |       |       |     6 ||    12
  Use: Potion            |       |     1 |       |     4 |       |       |       |     9 |    34 ||    48
       Scroll            |       |       |       |    20 |    13 |     4 |     1 |     9 |    19 ||    66
 Stab: Distracted        |       |       |       |       |       |       |       |     1 |     2 ||     3
       Paralysed         |       |       |       |       |       |       |       |       |     1 ||     1
Armor: Scale mail        |    20 |    17 |       |       |       |       |       |       |       ||    37
       Chain mail        |       |    36 |    57 |    10 |       |       |       |       |       ||   103
       Plate armour      |       |       |   114 |   107 |       |       |       |       |       ||   221
       Crystal plate arm |       |       |       |   151 |   443 |   779 |   749 |   760 |   991 ||  3873
Dodge: Dodged            |    17 |    45 |   105 |   160 |   166 |   316 |   308 |   307 |   454 ||  1878
Block: Buckler           |     9 |    20 |    76 |   204 |    42 |       |       |       |       ||   351
       Reflection        |       |       |       |     7 |    19 |   100 |    24 |    27 |    55 ||   232
       Kite shield       |       |       |       |       |   625 |   633 |       |   152 |  3304 ||  4714
       Other             |       |       |       |       |       |   112 |   157 |   123 |       ||   392
       Tower shield      |       |       |       |       |       |       |       |   609 |       ||   609
